 Dungeon Crawl Stone Soup version 0.16.1 (webtiles) character file.

63 Fiveotanaka the Cudgeler (level 3, -5/30 HPs)
             Began as a Minotaur Assassin on Mar 24, 2015.
             Killed from afar by Ijyb (24 damage)
             ... with a wand of lightning
             ... on level 3 of the Dungeon.
             The game lasted 00:02:51 (1766 turns).

Fiveotanaka the Cudgeler (Minotaur Assassin)        Turns: 1766, Time: 00:02:51

Health: -5/30      AC:  3    Str: 15    XL:     3   Next: 89%
Magic:  2/2        EV: 12    Int: 10    God:
Gold:   136        SH:  0    Dex: 12    Spells: 0 memorised, 2 levels left

rFire  . . .     SeeInvis .     q - +0 whip
rCold  . . .     Clarity  .     c - +0 robe
rNeg   . . .     SustAb   .     (no shield)
rPois  .         Gourm    .     (helmet restricted)
rElec  .         Spirit   .     d - +0 cloak
rCorr  .         Warding  .     (no gloves)
rMut   .         Stasis   .     (no boots)
MR     .....                    (no amulet)
Stlth  ++........               s - +2 ring of intelligence
                                r - ring of flight

@: not resistant to hostile enchantments, unstealthy
A: retaliatory headbutt, horns 2
a: Evoke Flight


You were on level 3 of the Dungeon.
You were hungry.

You visited 1 branch of the dungeon, and saw 3 of its levels.

You collected 136 gold pieces.

Inventory:

Hand weapons
 a - a +2 dagger
 b - a +0 blowgun
 l - a +0 club
 q - a +0 whip (weapon)
Missiles
 e - 26 poisoned needles
 f - 2 curare-tipped needles
Armour
 c - a +0 robe (worn)
 d - a +0 cloak (worn)
Jewellery
 r - a ring of flight (left hand)
 s - a +2 ring of intelligence (right hand)
Scrolls
 h - 3 scrolls of remove curse {unknown}
 i - 2 scrolls of identify {unknown}
 j - 3 scrolls of amnesia {unknown}
 k - a scroll of magic mapping {unknown}
 m - 2 scrolls of enchant weapon {unknown}
 o - a scroll of teleportation {unknown}
Potions
 p - a potion of experience {unknown}
 t - a potion of brilliance
 v - a potion of curing {unknown}
 w - a potion of lignification {unknown}
 x - a potion of heal wounds
Comestibles
 g - a bread ration
 n - a meat ration
 u - 2 fruits


   Skills:
 - Level 2.4 Fighting
 - Level 2.1 Short Blades
 + Level 3.6 Maces & Flails
 - Level 2.0 Throwing
 - Level 2.2 Dodging
 - Level 3.2 Stealth


You had 2 spell levels left.
You didn't know any spells.

Dungeon Overview and Level Annotations

Branches:
Dungeon (3/15)

Altars:
Makhleb

Annotations:
D:3 Ijyb


Innate Abilities, Weirdness & Mutations

You reflexively headbutt those who attack you in melee.
You have a pair of horns on your head.


Message History

You barely miss Ijyb.
Ijyb is moderately wounded.
Ijyb zaps a wand.
The bolt of lightning misses you.
It is a wand of lightning.
You hit Ijyb.
Ijyb is heavily wounded.
Ijyb hits you with a club.
You barely miss Ijyb.
Ijyb is heavily wounded.
Ijyb misses you.
You hit Ijyb but do no damage.
Ijyb is heavily wounded.
Ijyb hits you with a club.
You hit Ijyb but do no damage.
Ijyb is heavily wounded.
Ijyb zaps a wand.
The bolt of lightning misses you.
You closely miss Ijyb.
Ijyb is heavily wounded.
Ijyb zaps a wand.
The bolt of lightning hits you!
Ouch! That really hurt!
You die...

#.# #.# ####.# ## ##.##.#
.. ###.#.#.# #> #..###..#
#. #.#.#.#.#
....###)##### #.##.##.#
.......g@...###)##.##.#
....###.###...........###
.............##.......
###.#######.#########
#.#######..........
#.........#########
###########


You could see Ijyb.

Vanquished Creatures
  2 adders (D:2)
  A giant mite (D:2)
  A giant gecko (D:2)
  4 bats
  3 giant cockroaches
  5 goblins
  4 hobgoblins
  4 kobolds
  2 oozes (D:1)
  2 giant newts
  5 rats
33 creatures vanquished.

Notes
Turn   | Place    | Note
--------------------------------------------------------------
     0 | D:1      | Fiveotanaka, the Minotaur Assassin, began the quest for the Orb.
     0 | D:1      | Reached XP level 1. HP: 18/18 MP: 1/1
   114 | D:1      | Reached XP level 2. HP: 19/25 MP: 1/1
   366 | D:1      | Reached skill level 1 in Maces & Flails
   832 | D:2      | Found a burning altar of Makhleb.
   834 | D:2      | Noticed a balrug
   839 | D:2      | Noticed a ynoxinul
   839 | D:2      | Noticed a neqoxec
   918 | D:2      | Reached XP level 3. HP: 30/30 MP: 2/2
  1748 | D:3      | Noticed Ijyb
  1766 | D:3      | Killed from afar by Ijyb

Action                   || total
-------------------------++-------
Melee: Dagger            ||    21
       Whip              ||    92
       Club              ||     2
  Use: Potion            ||     2
 Stab: Sleeping          ||     4
  Eat: Chunk             ||     2
